NCAA
CALIFORNIA GOLDEN BEARS @ WASHINGTON HUSKIES
05/15/2030
 
TOP OF THE 1ST
California Golden Bears batting - Pitching for Washington Huskies : RHP Michael Hastings
Pitching: RHP Michael Hastings
Batting: SHB John Allen 0-0: Called Strike
0-1: Called Strike
0-2: Strikes out swinging
Batting: RHB Sergio González 0-0: Called Strike
0-1: Swinging Strike
0-2: Ball
1-2: Ball
2-2: Ball
3-2: Strikes out swinging
Batting: LHB Kevin Carter 0-0: Called Strike
0-1: Ball
1-1: Ball
2-1: Swinging Strike
2-2: Foul Ball, location: 2F
2-2: Strikes out swinging
Top of the 1st over - 0 runs, 0 hits, 0 errors, 0 left on base; California 0 - Washington 0
BOTTOM OF THE 1ST
Washington Huskies batting - Pitching for California Golden Bears : RHP Vic Curtis
Pitching: RHP Vic Curtis
Batting: SHB Jason Ashley 0-0: Called Strike
0-1: Foul Ball, location: 2F
0-2: Strikes out swinging
Batting: RHB Shawn Shirley 0-0: Fly out, F7 (Flyball, 78M)
Batting: RHB Jesús López 0-0: Ball
1-0: Foul Ball, location: 2F
1-1: Foul Ball, location: 2F
1-2: Strikes out swinging
Bottom of the 1st over - 0 runs, 0 hits, 0 errors, 0 left on base; California 0 - Washington 0
TOP OF THE 2ND
California Golden Bears batting - Pitching for Washington Huskies : RHP Michael Hastings
Batting: RHB Greg Brown 0-0: Called Strike
0-1: Foul Ball, location: 2F
0-2: Strikes out swinging
Batting: RHB Gabriel Lucero 0-0: Ball
1-0: Foul Ball, location: 2F
1-1: Called Strike
1-2: Foul Ball, location: 2F
1-2: Strikes out swinging
Batting: LHB Otis Johnston 0-0: Ball
1-0: SINGLE (Groundball, 56D)
Batting: RHB Merlin Miller 0-0: Foul Ball, location: 2F
0-1: Swinging Strike
0-2: Foul Ball, location: 2F
0-2: Ball
1-2: Ball
2-2: Strikes out swinging
Top of the 2nd over - 0 runs, 1 hit, 0 errors, 1 left on base; California 0 - Washington 0
BOTTOM OF THE 2ND
Washington Huskies batting - Pitching for California Golden Bears : RHP Vic Curtis
Batting: LHB Jeffery Casey 0-0: Ball
1-0: Swinging Strike
1-1: Fly out, F4 (Popup, 34)
Batting: RHB Fernando Ornelas 0-0: Foul Ball, location: 2F
0-1: Ball
1-1: Ball
2-1: Fly out, F8 (Flyball, 8LXD)
Batting: RHB Jesse Moody 0-0: Ball
1-0: Foul Ball, location: 2F
1-1: Called Strike
1-2: Ball
2-2: Ball
3-2: Base on Balls
Batting: RHB Burt Scott 0-0: Called Strike
0-1: Ball
1-1: Foul Ball, location: 2F
1-2: Ball
2-2: Fly out, F6 (Line Drive, 6)
Bottom of the 2nd over - 0 runs, 0 hits, 0 errors, 1 left on base; California 0 - Washington 0
TOP OF THE 3RD
California Golden Bears batting - Pitching for Washington Huskies : RHP Michael Hastings
Batting: RHB Ricardo Flores 0-0: Ball
1-0: Foul Ball, location: 2F
1-1: Ball
2-1: Swinging Strike
2-2: Strikes out swinging
Batting: RHB Clyde MacCodrum 0-0: Swinging Strike
0-1: Ball
1-1: Foul Ball, location: 2F
1-2: Ball
2-2: Strikes out swinging
Batting: SHB John Allen 0-0: Called Strike
0-1: Ball
1-1: Ball
2-1: SOLO HOME RUN (Flyball, 9LD), Distance : 324 ft
Batting: RHB Sergio González 0-0: Ground out 4-3 (Groundball, 4)
Top of the 3rd over - 1 run, 1 hit, 0 errors, 0 left on base; California 1 - Washington 0
BOTTOM OF THE 3RD
Washington Huskies batting - Pitching for California Golden Bears : RHP Vic Curtis
Batting: RHB Enrique Rodríguez 0-0: Called Strike
0-1: Ball
1-1: SINGLE (Groundball, 56D)
Batting: RHB Rafael Barrios 0-0: Called Strike
0-1: Foul Ball, location: 2F
0-2: Ball
1-2: Grounds into double play, 4-6-3 (Groundball, 4)
Batting: SHB Jason Ashley 0-0: Ball
1-0: Foul Ball, location: 2F
1-1: Swinging Strike
1-2: SINGLE (Line Drive, 6D)
Batting: RHB Shawn Shirley 0-0: SINGLE (Line Drive, 4MD)
Jason Ashley to second
Runner from 2nd tries for 3rd, SAFE, no throw
Batting: RHB Jesús López 0-0: Called Strike
0-1: Ball
1-1: Called Strike
1-2: Ball
2-2: Foul Ball, location: 2F
2-2: Foul Ball, location: 2F
2-2: Ball
3-2: Foul Ball, location: 2F
3-2: SINGLE (Line Drive, 4MD)
Jason Ashley scores
Shawn Shirley to second
Shawn Shirley to third
Batting: LHB Jeffery Casey 0-0: Ball
1-0: Ball
2-0: Foul Ball, location: 2F
2-1: Foul Ball, location: 2F
2-2: Ball
3-2: SINGLE (Line Drive, 8RS)
Shawn Shirley scores
Jesús López to second
Jesús López to third
Batting: RHB Fernando Ornelas 0-0: Ball
1-0: Ball
2-0: Foul Ball, location: 2F
2-1: Foul Ball, location: 2F
2-2: Strikes out looking
Bottom of the 3rd over - 2 runs, 5 hits, 0 errors, 2 left on base; California 1 - Washington 2
TOP OF THE 4TH
California Golden Bears batting - Pitching for Washington Huskies : RHP Michael Hastings
Batting: LHB Kevin Carter 0-0: Ball
1-0: Called Strike
1-1: Ball
2-1: Ball
3-1: Foul Ball, location: 2F
3-2: Fly out, F9 (Flyball, 9LD)
Batting: RHB Greg Brown 0-0: Foul Ball, location: 2F
0-1: Called Strike
0-2: Foul Ball, location: 2F
0-2: Ground out 1-3 (Groundball, P)
Batting: RHB Gabriel Lucero 0-0: Called Strike
0-1: Ground out 6-3 (Groundball, 6M)
Top of the 4th over - 0 runs, 0 hits, 0 errors, 0 left on base; California 1 - Washington 2
BOTTOM OF THE 4TH
Washington Huskies batting - Pitching for California Golden Bears : RHP Vic Curtis
Batting: RHB Jesse Moody 0-0: Called Strike
0-1: Ball
1-1: Called Strike
1-2: Ground out 6-3 (Groundball, 6)
Batting: RHB Burt Scott 0-0: Ground out 6-3 (Groundball, 6S)
Batting: RHB Enrique Rodríguez 0-0: Swinging Strike
0-1: Fly out, F1 (Line Drive, 13)
Bottom of the 4th over - 0 runs, 0 hits, 0 errors, 0 left on base; California 1 - Washington 2
TOP OF THE 5TH
California Golden Bears batting - Pitching for Washington Huskies : RHP Michael Hastings
Batting: LHB Otis Johnston 0-0: Fly out, F3 (Line Drive, 3L)
Batting: RHB Merlin Miller 0-0: Ball
1-0: Ball
2-0: SINGLE (Line Drive, 7LM)
Batting: RHB Ricardo Flores 0-0: Ball
1-0: Ball
2-0: Foul Ball, location: 2F
2-1: Ball
3-1: Foul Ball, location: 2F
3-2: Ground out 4-3 (Groundball, 34)
Merlin Miller to second
Batting: RHB Clyde MacCodrum 0-0: Ball
1-0: Ground out 5-3 (Groundball, 56S)
Top of the 5th over - 0 runs, 1 hit, 0 errors, 1 left on base; California 1 - Washington 2
BOTTOM OF THE 5TH
Washington Huskies batting - Pitching for California Golden Bears : RHP Vic Curtis
Batting: RHB Rafael Barrios 0-0: Swinging Strike
0-1: Ball
1-1: Swinging Strike
1-2: Foul Ball, location: 2F
1-2: Ground out 5-3 (Groundball, 5L)
Batting: SHB Jason Ashley 0-0: Called Strike
0-1: SINGLE (Flyball, 9LS)
Batting: RHB Shawn Shirley 0-0: Grounds into double play, 4-6-3 (Groundball, 34)
Bottom of the 5th over - 0 runs, 1 hit, 0 errors, 0 left on base; California 1 - Washington 2
TOP OF THE 6TH
California Golden Bears batting - Pitching for Washington Huskies : RHP Michael Hastings
Batting: SHB John Allen 0-0: Bunt for hit - play at first, batter OUT! 2-3
Batting: RHB Sergio González 0-0: Ball
1-0: Foul Ball, location: 2F
1-1: Ball
2-1: Foul Ball, location: 2F
2-2: Strikes out swinging
Batting: LHB Kevin Carter 0-0: SINGLE (Groundball, 6MD)
Pitching: LHP Jorge Nevárez
Batting: RHB Greg Brown 0-0: SINGLE (Flyball, 89M)
Kevin Carter to second
Batting: RHB Gabriel Lucero 0-0: Ball
1-0: Called Strike
1-1: Foul Ball, location: 2F
1-2: Foul Ball, location: 2F
1-2: Strikes out looking
Top of the 6th over - 0 runs, 2 hits, 0 errors, 2 left on base; California 1 - Washington 2
BOTTOM OF THE 6TH
Washington Huskies batting - Pitching for California Golden Bears : RHP Vic Curtis
Batting: RHB Jesús López 0-0: Called Strike
0-1: Ball
1-1: Fly out, F7 (Flyball, 7LD)
Batting: LHB Jeffery Casey 0-0: Called Strike
0-1: Foul Ball, location: 2F
0-2: Foul Ball, location: 2F
0-2: Ball
1-2: Ground out 1-3 (Groundball, 13S)
Batting: RHB Fernando Ornelas 0-0: Foul Ball, location: 2F
0-1: Ball
1-1: Called Strike
1-2: Strikes out swinging
Bottom of the 6th over - 0 runs, 0 hits, 0 errors, 0 left on base; California 1 - Washington 2
TOP OF THE 7TH
California Golden Bears batting - Pitching for Washington Huskies : LHP Jorge Nevárez
Batting: LHB Otis Johnston 0-0: SINGLE (Groundball, 6D)
Pinch Hitting: RHB Lyle Clark 0-0: Called Strike
0-1: Ball
1-1: Called Strike
1-2: Strikes out swinging
Batting: RHB Ricardo Flores 0-0: Called Strike
0-1: Ball
1-1: Ball
2-1: TRIPLE (Flyball, 89D)
Otis Johnston scores
Batting: RHB Clyde MacCodrum 0-0: Ball
1-0: Called Strike
1-1: Ball
2-1: Ball
3-1: Foul Ball, location: 2F
3-2: DOUBLE (Line Drive, 7LS)
Ricardo Flores scores
Batting: SHB John Allen 0-0: Called Strike
0-1: Foul Ball, location: 2F
0-2: Ball
1-2: Ball
2-2: Foul Ball, location: 2F
2-2: Fly out, F5 (Line Drive, 5L)
Pitching: RHP Greg Gonzáles
Batting: RHB Sergio González 0-0: DOUBLE (Groundball, 3L)
Clyde MacCodrum scores
Batting: LHB Kevin Carter 0-0: Ball
1-0: Foul Ball, location: 2F
1-1: Ball
2-1: Ball
3-1: Base on Balls
Batting: RHB Greg Brown 0-0: Ball
1-0: Ball
2-0: Called Strike
2-1: Ball
3-1: Base on Balls
Sergio González to third
Kevin Carter to second
Batting: RHB Gabriel Lucero 0-0: Foul Ball, location: 2F
0-1: Ball
1-1: Foul Ball, location: 2F
1-2: Strikes out swinging
Top of the 7th over - 3 runs, 4 hits, 0 errors, 3 left on base; California 4 - Washington 2
BOTTOM OF THE 7TH
Washington Huskies batting - Pitching for California Golden Bears : RHP Vic Curtis
Pitching: RHP Rudy Nelson
Now at 1B: Cisco Villa
Batting: RHB Jesse Moody 0-0: SINGLE (Groundball, 4MD)
Batting: RHB Burt Scott 0-0: Ball
1-0: Ball
2-0: Foul Ball, location: 2F
2-1: Foul Ball, location: 2F
2-2: Ground out 2-3 (Groundball, 15S)
Jesse Moody to second
Batting: RHB Enrique Rodríguez 0-0: Ball
1-0: Ball
2-0: Ball
3-0: Base on Balls
Batting: RHB Rafael Barrios 0-0: Fielders Choice at 2nd, 4-6 (Groundball, 4)
Jesse Moody to third
Batting: SHB Jason Ashley 0-0: Ball
1-0: Swinging Strike
1-1: Ball
2-1: Swinging Strike
2-2: SINGLE (Line Drive, 7LS)
Jesse Moody scores
Rafael Barrios to second
Batting: RHB Shawn Shirley 0-0: Called Strike
0-1: Ball
1-1: Swinging Strike
1-2: SINGLE (Groundball, 6MD)
Rafael Barrios to third
Jason Ashley to second
Runner from 3rd tries for Home, SAFE, throw made home
Batting: RHB Jesús López 0-0: Called Strike
0-1: Ball
1-1: Ball
2-1: Fly out, F7 (Flyball, 7D)
Bottom of the 7th over - 2 runs, 3 hits, 0 errors, 2 left on base; California 4 - Washington 4
TOP OF THE 8TH
California Golden Bears batting - Pitching for Washington Huskies : RHP Greg Gonzáles
Batting: LHB Otis Johnston 0-0: Called Strike
0-1: Foul Ball, location: 2F
0-2: Fly out, F8 (Flyball, 8LM)
Batting: RHB Cisco Villa 0-0: Called Strike
0-1: Called Strike
0-2: DOUBLE (Flyball, 89XD)
Batting: RHB Ricardo Flores 0-0: Ball
1-0: Called Strike
1-1: Ball
2-1: Ball
3-1: Base on Balls
Batting: RHB Clyde MacCodrum 0-0: Ball
1-0: Ball
2-0: Ball
3-0: Base on Balls
Cisco Villa to third
Ricardo Flores to second
Pinch Hitting: LHB Benny Marte 0-0: Foul Ball, location: 2F
0-1: Fly out, F7 (Flyball, 7S)
Runner from 3rd tags up, SCORES, throw made
Batting: RHB Sergio González 0-0: Called Strike
0-1: Ball
1-1: Fly out, F9 (Flyball, 9LD)
Top of the 8th over - 1 run, 1 hit, 0 errors, 2 left on base; California 5 - Washington 4
BOTTOM OF THE 8TH
Washington Huskies batting - Pitching for California Golden Bears : RHP Rudy Nelson
Pitching: RHP Claudio García
Now in CF: Ralph Hawkins
Batting: LHB Jeffery Casey 0-0: Called Strike
0-1: Ball
1-1: Swinging Strike
1-2: Ball
2-2: Ball
3-2: Base on Balls
Batting: RHB Fernando Ornelas 0-0: Grounds into double play, 1-6-3 (Groundball, 13S)
Batting: RHB Jesse Moody 0-0: Swinging Strike
0-1: Ball
1-1: Foul Ball, location: 2F
1-2: Strikes out swinging
Bottom of the 8th over - 0 runs, 0 hits, 0 errors, 0 left on base; California 5 - Washington 4
TOP OF THE 9TH
California Golden Bears batting - Pitching for Washington Huskies : RHP Greg Gonzáles
Batting: LHB Kevin Carter 0-0: Called Strike
0-1: TRIPLE (Line Drive, 9D)
Batting: RHB Greg Brown 0-0: Intentional Walk
Batting: RHB Gabriel Lucero 0-0: Called Strike
0-1: Swinging Strike
0-2: Foul Ball, location: 2F
0-2: Foul Ball, location: 2F
0-2: Ball
1-2: Strikes out swinging
Batting: LHB Otis Johnston 0-0: Ball
1-0: Swinging Strike
1-1: Foul Ball, location: 2F
1-2: Ball
2-2: Fly out, F8 (Flyball, 8RD)
Runner from 3rd tags up, OUT at HOME
Top of the 9th over - 0 runs, 1 hit, 0 errors, 1 left on base; California 5 - Washington 4
BOTTOM OF THE 9TH
Washington Huskies batting - Pitching for California Golden Bears : RHP Claudio García
Pitching: RHP Esteban Ortega
Batting: RHB Burt Scott 0-0: Called Strike
0-1: Called Strike
0-2: Ball
1-2: SINGLE (Flyball, 78M)
Batting: RHB Enrique Rodríguez 0-0: Ball
1-0: Foul Ball, location: 2F
1-1: Ball
2-1: Foul Ball, location: 2F
2-2: Ball
3-2: Foul Ball, location: 2F
3-2: Strikes out swinging
Batting: RHB Rafael Barrios 0-0: Foul Ball, location: 2F
0-1: Foul Ball, location: 2F
0-2: Ball
Wild Pitch!
Burt Scott to second
1-2: SINGLE (Groundball, 56S) (infield hit)
Burt Scott to third
Batting: SHB Jason Ashley 0-0: Ball
1-0: Foul Ball, location: 2F
1-1: Ball
2-1: Foul Ball, location: 2F
2-2: Fielders Choice at 2nd, 4-6 (Groundball, 4)
Burt Scott scores
Batting: RHB Shawn Shirley 0-0: Ball
1-0: Ball
2-0: Called Strike
2-1: Foul Ball, location: 2F
2-2: Strikes out looking
Bottom of the 9th over - 1 run, 2 hits, 0 errors, 1 left on base; California 5 - Washington 5
TOP OF THE 10TH
California Golden Bears batting - Pitching for Washington Huskies : RHP Greg Gonzáles
Pitching: LHP Steve Hickman
Batting: RHB Cisco Villa 0-0: Ball
1-0: Ball
2-0: Ball
3-0: Called Strike
3-1: Base on Balls
Pinch Runner at 1st B.J. Ware:
Batting: RHB Ricardo Flores 0-0: Swinging Strike
0-1: Called Strike
0-2: Strikes out swinging
Batting: RHB Clyde MacCodrum 0-0: Ball
1-0: Called Strike
1-1: Ball
2-1: Ball
3-1: Called Strike
3-2: Strikes out looking
Batting: RHB Ralph Hawkins 0-0: Called Strike
0-1: Called Strike
0-2: Strikes out swinging
Top of the 10th over - 0 runs, 0 hits, 0 errors, 1 left on base; California 5 - Washington 5
BOTTOM OF THE 10TH
Washington Huskies batting - Pitching for California Golden Bears : RHP Esteban Ortega
Pitching: LHP Eddie Hickey
Now at 1B: Howard Gray
Batting: RHB Jesús López 0-0: Ball
1-0: Fly out, F7 (Flyball, 7D)
Batting: LHB Jeffery Casey 0-0: Ball
1-0: Ball
2-0: Ball
3-0: Base on Balls
Batting: RHB Fernando Ornelas 0-0: Ball
1-0: Ball
2-0: Ball
3-0: Called Strike
3-1: Base on Balls
Jeffery Casey to second
Batting: RHB Jesse Moody 0-0: Ball
1-0: Ball
2-0: Fly out, F3 (Line Drive, 3)
Batting: RHB Burt Scott 0-0: Ball
1-0: Called Strike
1-1: Ball
2-1: Ball
3-1: Called Strike
3-2: Base on Balls
Jeffery Casey to third
Fernando Ornelas to second
Batting: RHB Enrique Rodríguez 0-0: GRAND SLAM HOME RUN (Flyball, 89XD), Distance : 368 ft
Saturday, April 7th, 2018 - OOTP Baseball 18.8 Build 76